 Dungeon Crawl Stone Soup version 0.28-a0-664-gc179e30c89 (webtiles) character file.

Game seed: 5632051395879830286

0 kipponium the Skirmisher (level 1, -16/18 HPs)
             Began as a Demonspawn Abyssal Knight on Oct 16, 2021.
             Was a Follower of Lugonu.
             Killed from afar by a deep elf knight (34 damage)
             ... with a shard of ice
             ... summoned by a worldbinder
             ... on level 1 of the Abyss.
             The game lasted 00:00:31 (81 turns).

kipponium the Skirmisher (Demonspawn Abyssal Knight)  Turns: 81, Time: 00:00:32

Health: -16/18     AC:  3    Str: 13    XL:     1   Next: 0%
Magic:  2/2        EV: 11    Int: 11    God:    Lugonu [*.....]
Gold:   0          SH:  0    Dex: 13    Spells: 0/0 levels left

rFire   . . .      SeeInvis .   a - +1 mace
rCold   . . .      Faith    .   (no shield)
rNeg    . . .      Spirit   .   b - +0 leather armour
rPois   .          Reflect  .   (no helmet)
rElec   .          Harm     .   (no cloak)
rCorr   .          Rampage  .   (no gloves)
Will    .....                   (no boots)
Stlth   +.........              (no amulet)
HPRegen 0.06/turn               (no ring)
MPRegen 0.08/turn               (no ring)

@: no status effects
A: no striking features
a: Renounce Religion, Depart the Abyss


You were on level 1 of the Abyss.
You worshipped Lugonu.
Lugonu was aware of your devotion.
You visited 0 branches of the dungeon, and saw 0 of its levels.
You visited the Abyss 1 time.

Inventory:

Hand Weapons
 a - a +1 mace (weapon)
Armour
 b - a +0 leather armour (worn)
Scrolls
 c - a scroll of teleportation {unknown}


   Skills:
 + Level 3.0 Fighting
 + Level 1.7 Maces & Flails
 + Level 1.7 Armour
 + Level 0.8 Dodging
 + Level 2.4 Invocations


You couldn't memorise any spells.
You didn't know any spells.
Your spell library was empty.

Dungeon Overview and Level Annotations

Branches:
Dungeon (0/15)

Altars:


Message History

Welcome, kipponium the Demonspawn Abyssal Knight.
They say the Orb of Zot lies within this dungeon, but they say a lot of things.
Lugonu says: Depart the Abyss and spread corruption, my servant! (use the ability menu to exit the Abyss) Press ? for a list of commands and other information.
Found a scroll labelled ROUDWOER ODDI.
Found a corrupted altar of Lugonu.
c - a scroll labelled ROUDWOER ODDI
Found a gateway leading out of the Abyss.
A small abomination comes into view.
Found a ring mail.
A tentacled starspawn comes into view.
A tentacle flies out from the starspawn's body!
A starspawn tentacle comes into view.
A tentacle flies out from the starspawn's body!
A starspawn tentacle comes into view.
A small abomination comes into view.
A worldbinder comes into view.
The worldbinder calls forth creatures from the Elven Halls!
A large abomination comes into view.
The deep elf knight shouts!
The deep elf knight casts a spell at you.
The shard of ice hits you!!
Ouch! That really hurt!
You die...

.. ##. #X#... . .# .
..#..# ##. .. .. .....
#.#. # .###.. #.#. ...
..##.# # # #...#..####.
.###...
#..#....#.....##....###.
#....@..#... .. ..## .
#...e##.## #.##.#.#.. .
###.#x.#x###....#..# ##
# ###....##x...# ...#
##...#.### #..# #
#.#...# .....
#..##.X.#...#. # #..
#....##..#.# ..#.
.......#....


You could see a tentacled starspawn, a deep elf knight (summoned), a large
abomination and a small abomination.

Vanquished Creatures (others)
  4 starspawn tentacles (Abyss:1)
4 creatures vanquished.

Notes
Turn   | Place    | Note
-------+----------+-------------------------------------------
     0 | Abyss:1  | kipponium the Demonspawn Abyssal Knight began the quest for
                  | the Orb.
     0 | Abyss:1  | Reached XP level 1. HP: 18/18 MP: 2/2
    41 | Abyss:1  | Noticed a small abomination
    57 | Abyss:1  | Noticed a tentacled starspawn
    76 | Abyss:1  | Noticed a small abomination
    78 | Abyss:1  | Noticed a worldbinder
    81 | Abyss:1  | Noticed a large abomination
    81 | Abyss:1  | Noticed a deep elf knight
    81 | Abyss:1  | Killed from afar by a deep elf knight

Illustrated notes

Levels and vault maps discovered:
Abyss:1:  base: Temple, base:
Temple

Table legend: (Time is in decaauts)
 A = Elapsed time spent in this place.
 B = Non-inter-level travel time spent in this place.
 C = Inter-level travel time spent in this place.
 D = Time resting spent in this place.
 E = Time spent auto-exploring this place.
 F = Levels seen in this place.
 G = Mean time per level.
                   A        B        C        D        E       F      G
               +--------+--------+--------+--------+--------+-----+--------+
         Total |     81 |     81 |      0 |      0 |      0 |   1 |   81.0 |
         Abyss |     81 |     81 |      0 |      0 |      0 |   1 |   81.0 |
               +--------+--------+--------+--------+--------+-----+--------+

Top non-repeatable levels by time:
 Abyss:1: 81 daAuts
